 Dungeon Crawl Stone Soup version 0.28.0 (webtiles) character file.

Game seed: 3897451054144415035

3 Dirian the Shooter (level 1, 11/14 HPs)
             Began as a Hill Orc Wanderer on Feb 15, 2022.
             Was a Follower of Vehumet.
             Got out of the dungeon alive.
             The game lasted 00:00:46 (152 turns).

Dirian the Shooter (Hill Orc Wanderer)               Turns: 152, Time: 00:00:46

Health: 11/14      AC:  3    Str: 18    XL:     1   Next: 50%
Magic:  1/1        EV: 11    Int:  8    God:    Vehumet [*.....]
Gold:   26         SH:  0    Dex: 10    Spells: 0/0 levels left

rFire   . . .      SeeInvis .   c - +0 spear
rCold   . . .      Faith    .   (no shield)
rNeg    . . .      Spirit   .   e - +0 leather armour
rPois   .          Reflect  .   (no helmet)
rElec   .          Harm     .   (no cloak)
rCorr   .          Rampage  .   (no gloves)
Will    .....                   (no boots)
Stlth   +.........              (no amulet)
HPRegen 0.04/turn               (no ring)
MPRegen 0.07/turn               (no ring)

@: no status effects
A: no striking features
a: Renounce Religion


You escaped.
You worshipped Vehumet.
Vehumet was aware of your devotion.
You visited 1 branch of the dungeon, and saw 1 of its levels.

You collected 26 gold pieces.

Inventory:

Hand Weapons
 a - a +2 shortbow
 c - a +0 spear (weapon)
Missiles
 b - 26 arrows
Armour
 e - a +0 leather armour (worn)
Potions
 f - a potion of might {unknown}
Miscellaneous
 d - a piece from Xom's chessboard (15/15)


   Skills:
 + Level 0.2 Fighting
 * Level 0.6(2.5) Axes
 - Level 3.2(3.3) Polearms
 - Level 4.5 Bows
 + Level 0.2 Armour
 + Level 0.2 Shields
 - Level 2.0 Evocations


You couldn't memorise any spells.
You didn't know any spells.
Your spell library was empty.

Dungeon Overview and Level Annotations

Branches:
Dungeon (1/15)

Altars:
Vehumet

Annotations:
D:1 1 runed translucent door


Message History

The endoplasm closely misses you.
You hit the endoplasm but do no damage.
The endoplasm is almost dead.
The endoplasm hits you but does no damage.
You hit the endoplasm but do no damage.
The endoplasm is almost dead.
The endoplasm freezes you.
You are frozen.
You are too injured to fight recklessly!
You are too injured to fight recklessly!
You are too injured to fight recklessly!
You are too injured to fight recklessly!
You are too injured to fight recklessly!
You are too injured to fight recklessly!
You are too injured to fight recklessly!
You are too injured to fight recklessly!
You are too injured to fight recklessly!
You are too injured to fight recklessly!
You are too injured to fight recklessly!
You are too injured to fight recklessly!
You are too injured to fight recklessly!
You are too injured to fight recklessly!
You hit the endoplasm.
You kill the endoplasm!
There is a faded altar of an unknown god here.
You cannot tell which god this altar belongs to.
Convert to them anyway?
Vehumet accepts your prayer! Vehumet welcomes you!
You can now gain magical power from killing.
Vehumet offers you knowledge of Shock.
You open the door.
The endoplasm quivers.
There is an open door here.
The endoplasm quivers.
The jackal barks!
The endoplasm quivers.
The endoplasm jiggles.
There is a staircase leading out of the dungeon here.
Are you sure you want to leave the Dungeon?
This will make you lose the game!
You have escaped!

..^..# #.................#....#
.._^.# #.###############.#.##.#
....## #.#.............#.#.##.#
....####.#.BrJJrh.r....#.#.##.#
.........#BJBBBJhJBrJ..#......#
^..####..#######+#######...####.#
...# ##.#.............#........#
...# #.'⌠....###....⌠+...###..#
...# #.#......@......#...###..#
...# #.#..⌠...>...⌠..#........#
...# #.###+#######'###..####.##
...### #.. ..............####
.....# ... ..#####.##.......#
.....# ... +......#.##.##.#
.....# .. .######'#.#...# #
.....# ..........#...# .....#
..........##..#


You could see an endoplasm and a giant cockroach.

Vanquished Creatures
  An endoplasm (D:1)
  A bat (D:1)
  A frilled lizard (D:1)
  A rat (D:1)
4 creatures vanquished.

Notes
Turn   | Place    | Note
-------+----------+-------------------------------------------
     0 | D:1      | Dirian the Hill Orc Wanderer began the quest for the Orb.
     0 | D:1      | Dirian set off with the following items: a +2 shortbow, 26
                  | arrows, a +0 spear, a piece from Xom's chessboard (15/15),
                  | a +0 leather armour
     0 | D:1      | Reached XP level 1. HP: 14/14 MP: 1/1
     2 | D:1      | Found a runed translucent door.
    67 | D:1      | Found a faded altar of an unknown god.
   134 | D:1      | Prayed at the altar of an unknown god.
   134 | D:1      | Became a worshipper of Vehumet
   134 | D:1      | Reached * piety under Vehumet
   134 | D:1      | Offered knowledge of Shock by Vehumet.
   152 | D:$      | Got out of the dungeon alive.

Illustrated notes

Levels and vault maps discovered:
D:1:      dpeg_arrival_caged_fury, layout_basic, ebering_ecumenical_altar_webs

Action                   || total
-------------------------++-------
Melee: Spear             ||    11
Armor: Leather armour    ||     4
Dodge: Dodged            ||     4
